| TOP OF THE 1ST |
|
Colorado Springs Sky Sox batting - Pitching for Syracuse Chiefs : RHP Travis Hardin
|
|
Pitching: RHP Travis Hardin
|
|
|
Batting: LHB Steve Gilliam
|
0-0: Foul Ball, location: 2F 0-1: Ball 1-1: Ball 2-1: SINGLE (Groundball, 4MD, EV 109.4 MPH)
|
|
Batting: LHB Greg Valenzuela
|
0-0: Foul Ball, location: 2F 0-1: 2-RUN HOME RUN (Flyball, 9D, EV 98.1 MPH), Distance : 378 ft
|
|
Batting: LHB Michael Krott
|
0-0: Called Strike 0-1: Foul Ball, location: 2F 0-2: Foul Ball, location: 2F 0-2: Ball 1-2: Foul Ball, location: 2F 1-2: Ball 2-2: Ground out U3 (Groundball, 34, EV 102.5 MPH)
|
|
Batting: RHB Mike McElroy
|
0-0: Foul Ball, location: 2F 0-1: Foul Ball, location: 2F 0-2: Ball 1-2: Foul Ball, location: 2F 1-2: Ball 2-2: Foul Ball, location: 2F 2-2: Foul Ball, location: 2F 2-2: Ball 3-2: Foul Ball, location: 2F 3-2: Strikes out swinging
|
|
Batting: RHB Kevin Tangeman
|
0-0: Called Strike 0-1: Ground out 3-1 (Groundball, 34S, EV 89.4 MPH)
|
| Top of the 1st over - 2 runs, 2 hits, 0 errors, 0 left on base; Colorado Springs 2 - Syracuse 0 |
| BOTTOM OF THE 1ST |
|
Syracuse Chiefs batting - Pitching for Colorado Springs Sky Sox : LHP Marc Eismann
|
|
Pitching: LHP Marc Eismann
|
|
|
Batting: RHB Rafael Medina
|
0-0: Foul Ball, location: 2F 0-1: Fly out, F4 (Popup, 4, EV 55.6 MPH)
|
|
Batting: RHB Antonio Laurel
|
0-0: Ball 1-0: Foul Ball, location: 2F 1-1: Ball 2-1: Swinging Strike 2-2: Strikes out swinging
|
|
Batting: LHB Alexis Cantu
|
0-0: Ball 1-0: Fly out, F4 (Popup, 4M, EV 66.9 MPH)
|
| Bottom of the 1st over - 0 runs, 0 hits, 0 errors, 0 left on base; Colorado Springs 2 - Syracuse 0 |
| TOP OF THE 2ND |
|
Colorado Springs Sky Sox batting - Pitching for Syracuse Chiefs : RHP Travis Hardin
|
|
Batting: LHB Luke Coulter
|
0-0: Foul Ball, location: 2F 0-1: Reached on error, E5 (Groundball, 56S, EV 76.2 MPH)
|
|
Batting: SHB Jamie Mims
|
0-0: Ball 1-0: Called Strike Luke Coulter is caught stealing 2nd base 2-6 1-1: SINGLE (Line Drive, 4M, EV 95.0 MPH)
|
|
Batting: RHB Eduardo Camacho
|
0-0: Foul Ball, location: 2F 0-1: Ball 1-1: Foul Ball, location: 2F 1-2: Strikes out looking
|
|
Batting: RHB John Boyer
|
0-0: Ball 1-0: TRIPLE (Flyball, 89XD, EV 110.0 MPH) Jamie Mims scores
|
|
Batting: LHB Steve Gilliam
|
0-0: Foul Ball, location: 2F 0-1: Ball 1-1: Ball 2-1: Foul Ball, location: 2F 2-2: Ball 3-2: DOUBLE (Line Drive, 89D, EV 103.1 MPH) John Boyer scores
|
|
Batting: LHB Greg Valenzuela
|
0-0: Ball 1-0: Called Strike 1-1: Foul Ball, location: 2F 1-2: Strikes out swinging
|
| Top of the 2nd over - 2 runs, 3 hits, 1 error, 1 left on base; Colorado Springs 4 - Syracuse 0 |
| BOTTOM OF THE 2ND |
|
Syracuse Chiefs batting - Pitching for Colorado Springs Sky Sox : LHP Marc Eismann
|
|
Batting: RHB Kevin Whitenack
|
0-0: Ball 1-0: Foul Ball, location: 2F 1-1: Ball 2-1: Ball 3-1: Foul Ball, location: 2F 3-2: Foul Ball, location: 2F 3-2: Foul Ball, location: 2F 3-2: Base on Balls
|
|
Batting: RHB Jim Miske
|
0-0: Ball 1-0: Called Strike 1-1: Foul Ball, location: 2F 1-2: Ball 2-2: Ball 3-2: Strikes out swinging Kevin Whitenack is caught stealing 2nd base 2-4 Batter strikes out.
|
|
Batting: RHB Steve Perez
|
0-0: Ball 1-0: Swinging Strike 1-1: Foul Ball, location: 2F 1-2: Ball 2-2: Foul Ball, location: 2F 2-2: Foul Ball, location: 2F 2-2: Strikes out swinging
|
| Bottom of the 2nd over - 0 runs, 0 hits, 0 errors, 0 left on base; Colorado Springs 4 - Syracuse 0 |
| TOP OF THE 3RD |
|
Colorado Springs Sky Sox batting - Pitching for Syracuse Chiefs : RHP Travis Hardin
|
|
Batting: LHB Michael Krott
|
0-0: Foul Ball, location: 2F 0-1: SINGLE (Line Drive, 89S, EV 99.4 MPH)
|
|
Batting: RHB Mike McElroy
|
0-0: Called Strike 0-1: Called Strike 0-2: Ball 1-2: Ball 2-2: Ball 3-2: Foul Ball, location: 2F 3-2: Ground out 6-3 (Groundball, 6, EV 78.8 MPH) Michael Krott to second
|
|
Batting: RHB Kevin Tangeman
|
0-0: Ball 1-0: Fly out, F8 (Flyball, 8RM, EV 95.6 MPH)
|
|
Batting: LHB Luke Coulter
|
0-0: Foul Ball, location: 2F 0-1: Ball Wild Pitch! Michael Krott to third 1-1: Called Strike 1-2: Foul Ball, location: 2F 1-2: Foul Ball, location: 2F 1-2: Ground out 6-3 (Groundball, 6, EV 80.6 MPH)
|
| Top of the 3rd over - 0 runs, 1 hit, 0 errors, 1 left on base; Colorado Springs 4 - Syracuse 0 |
| BOTTOM OF THE 3RD |
|
Syracuse Chiefs batting - Pitching for Colorado Springs Sky Sox : LHP Marc Eismann
|
|
Batting: LHB Evan Oliveri
|
0-0: Called Strike 0-1: Ball 1-1: Foul Ball, location: 2F 1-2: Ball 2-2: Ball 3-2: Fly out, F1 (Popup, 15, EV 76.9 MPH)
|
|
Batting: RHB Gabe Almazan
|
0-0: Called Strike 0-1: Foul Ball, location: 2F 0-2: Ball 1-2: Ball 2-2: Ball 3-2: Base on Balls
|
|
Batting: LHB Kyung-jin Cho
|
0-0: Foul Ball, location: 2F 0-1: Ball 1-1: Ball 2-1: DOUBLE (Line Drive, 9LM, EV 104.4 MPH) Gabe Almazan to third Runner from 3rd tries for Home, SAFE, throw by RF to trailing runner, SAFE at third!
|
|
Batting: RHB Rafael Medina
|
0-0: Fly out, F4 (Flyball, 4MD, EV 80.0 MPH)
|
|
Batting: RHB Antonio Laurel
|
0-0: Ball 1-0: Ball 2-0: Ball 3-0: Base on Balls
|
|
Batting: LHB Alexis Cantu
|
0-0: Swinging Strike 0-1: Ball 1-1: Fly out, F7 (Flyball, 7S, EV 80.6 MPH)
|
| Bottom of the 3rd over - 1 run, 1 hit, 0 errors, 2 left on base; Colorado Springs 4 - Syracuse 1 |
| TOP OF THE 4TH |
|
Colorado Springs Sky Sox batting - Pitching for Syracuse Chiefs : RHP Travis Hardin
|
|
Batting: SHB Jamie Mims
|
0-0: Fly out, F8 (Flyball, 8LM, EV 90.6 MPH)
|
|
Batting: RHB Eduardo Camacho
|
0-0: Ball 1-0: Ball 2-0: Ball 3-0: Called Strike 3-1: Called Strike 3-2: Foul Ball, location: 2F 3-2: Base on Balls
|
|
Batting: RHB John Boyer
|
0-0: Ball 1-0: Foul Ball, location: 2F 1-1: Grounds into double play, 1-6-3 (Groundball, 13S, EV 69.4 MPH)
|
| Top of the 4th over - 0 runs, 0 hits, 0 errors, 0 left on base; Colorado Springs 4 - Syracuse 1 |
| BOTTOM OF THE 4TH |
|
Syracuse Chiefs batting - Pitching for Colorado Springs Sky Sox : LHP Marc Eismann
|
|
Batting: RHB Kevin Whitenack
|
0-0: Ground out 5-3 (Groundball, 56, EV 87.5 MPH)
|
|
Batting: RHB Jim Miske
|
0-0: Called Strike 0-1: Ball 1-1: Ball 2-1: Swinging Strike 2-2: Strikes out swinging
|
|
Batting: RHB Steve Perez
|
0-0: Called Strike 0-1: Called Strike 0-2: Ball 1-2: Foul Ball, location: 2F 1-2: Foul Ball, location: 2F 1-2: Ball 2-2: Ball 3-2: Base on Balls
|
|
Batting: LHB Evan Oliveri
|
0-0: Fly out, F4 (Popup, 3L, EV 73.1 MPH)
|
| Bottom of the 4th over - 0 runs, 0 hits, 0 errors, 1 left on base; Colorado Springs 4 - Syracuse 1 |
| TOP OF THE 5TH |
|
Colorado Springs Sky Sox batting - Pitching for Syracuse Chiefs : RHP Travis Hardin
|
|
Batting: LHB Steve Gilliam
|
0-0: Ball 1-0: Ball 2-0: Ball 3-0: Called Strike 3-1: Base on Balls
|
|
Batting: LHB Greg Valenzuela
|
0-0: Ball 1-0: Called Strike 1-1: Ball 2-1: Fielders Choice at 2nd, 6-4 (Groundball, 6M, EV 97.5 MPH)
|
|
Batting: LHB Michael Krott
|
0-0: Ball Greg Valenzuela steals 2nd base 1-0: Foul Ball, location: 2F 1-1: Ball 2-1: Swinging Strike 2-2: Strikes out swinging
|
|
Batting: RHB Mike McElroy
|
0-0: Foul Ball, location: 2F 0-1: Ball Greg Valenzuela is caught stealing 3rd base 2-5
|
| Top of the 5th over - 0 runs, 0 hits, 0 errors, 0 left on base; Colorado Springs 4 - Syracuse 1 |
| BOTTOM OF THE 5TH |
|
Syracuse Chiefs batting - Pitching for Colorado Springs Sky Sox : LHP Marc Eismann
|
|
Batting: RHB Gabe Almazan
|
0-0: Ball 1-0: Ball 2-0: Swinging Strike 2-1: Ground out U3 (Groundball, 3, EV 78.8 MPH)
|
|
Batting: LHB Kyung-jin Cho
|
0-0: Called Strike 0-1: Swinging Strike 0-2: Ball 1-2: Strikes out swinging
|
|
Batting: RHB Rafael Medina
|
0-0: Ball 1-0: Called Strike 1-1: Foul Ball, location: 2F 1-2: Foul Ball, location: 2F 1-2: Ball 2-2: Ball 3-2: Base on Balls
|
|
Batting: RHB Antonio Laurel
|
0-0: Ball 1-0: Ball 2-0: Swinging Strike 2-1: Ball 3-1: DOUBLE (Line Drive, 9LM, EV 100.6 MPH) Rafael Medina to third Runner from 3rd tries for Home, SAFE, throw by RF to trailing runner, OUT at third! 9-3-5
|
| Bottom of the 5th over - 1 run, 1 hit, 0 errors, 0 left on base; Colorado Springs 4 - Syracuse 2 |
| TOP OF THE 6TH |
|
Colorado Springs Sky Sox batting - Pitching for Syracuse Chiefs : RHP Travis Hardin
|
|
Batting: RHB Mike McElroy
|
0-0: Called Strike 0-1: Swinging Strike 0-2: Reached via error on a dropped throw from 2B, E3 (Groundball, 34, EV 86.2 MPH)
|
|
Batting: RHB Kevin Tangeman
|
0-0: Foul Ball, location: 2F 0-1: Fly out, F9 (Flyball, 89S, EV 90.6 MPH)
|
|
Pitching: RHP Ruben Nevarel
|
|
|
Batting: LHB Luke Coulter
|
0-0: Ground out 4-3 (Groundball, 4M, EV 80.6 MPH) Mike McElroy to second
|
|
Batting: SHB Jamie Mims
|
0-0: Ball 1-0: Swinging Strike 1-1: Foul Ball, location: 2F 1-2: Ground out 2-3 (Groundball, 2L, EV 66.2 MPH)
|
| Top of the 6th over - 0 runs, 0 hits, 1 error, 1 left on base; Colorado Springs 4 - Syracuse 2 |
| BOTTOM OF THE 6TH |
|
Syracuse Chiefs batting - Pitching for Colorado Springs Sky Sox : LHP Marc Eismann
|
|
Batting: LHB Alexis Cantu
|
0-0: Ground out 4-3 (Groundball, 4, EV 106.9 MPH)
|
|
Batting: RHB Kevin Whitenack
|
0-0: Foul Ball, location: 2F 0-1: Foul Ball, location: 2F 0-2: Ground out 6-3 (Groundball, 6, EV 88.1 MPH)
|
|
Batting: RHB Jim Miske
|
0-0: Called Strike 0-1: Foul Ball, location: 2F 0-2: SINGLE (Groundball, 6MD, EV 98.1 MPH)
|
|
Batting: RHB Steve Perez
|
Pickoff Play to 1st, Runner tries for 2nd, OUT after rundown.
|
| Bottom of the 6th over - 0 runs, 1 hit, 0 errors, 0 left on base; Colorado Springs 4 - Syracuse 2 |
| TOP OF THE 7TH |
|
Colorado Springs Sky Sox batting - Pitching for Syracuse Chiefs : RHP Ruben Nevarel
|
|
Batting: RHB Eduardo Camacho
|
0-0: Called Strike 0-1: Ground out 6-3 (Groundball, 6, EV 100.6 MPH)
|
|
Batting: RHB John Boyer
|
0-0: Called Strike 0-1: Foul Ball, location: 2F 0-2: Ball 1-2: Ball 2-2: Ball 3-2: Base on Balls
|
|
Batting: LHB Steve Gilliam
|
0-0: Ball 1-0: SINGLE (Line Drive, 34D, EV 100.0 MPH) John Boyer to second
|
|
Batting: LHB Greg Valenzuela
|
0-0: Ball 1-0: Foul Ball, location: 2F 1-1: Called Strike 1-2: Grounds out, U3 (Groundball, 3L, EV 83.1 MPH) John Boyer to third
|
|
Batting: LHB Michael Krott
|
0-0: Ground out U3 (Groundball, 3L, EV 105.0 MPH)
|
| Top of the 7th over - 0 runs, 1 hit, 0 errors, 2 left on base; Colorado Springs 4 - Syracuse 2 |
| BOTTOM OF THE 7TH |
|
Syracuse Chiefs batting - Pitching for Colorado Springs Sky Sox : LHP Marc Eismann
|
|
Batting: RHB Steve Perez
|
0-0: Called Strike 0-1: Ball 1-1: Ball 2-1: Swinging Strike 2-2: Foul Ball, location: 2F 2-2: Foul Ball, location: 2F 2-2: Strikes out swinging
|
|
Pitching: RHP Jim Micaletti
|
|
|
Batting: LHB Evan Oliveri
|
0-0: Swinging Strike 0-1: Called Strike 0-2: Foul Ball, location: 2F 0-2: Strikes out swinging
|
|
Batting: RHB Gabe Almazan
|
0-0: Ball 1-0: Ball 2-0: Called Strike 2-1: Ball 3-1: Fly out, F8 (Flyball, 8LXD, EV 88.8 MPH)
|
| Bottom of the 7th over - 0 runs, 0 hits, 0 errors, 0 left on base; Colorado Springs 4 - Syracuse 2 |
| TOP OF THE 8TH |
|
Colorado Springs Sky Sox batting - Pitching for Syracuse Chiefs : RHP Ruben Nevarel
|
|
Pitching: RHP Jose Barreras
|
|
|
Batting: RHB Mike McElroy
|
0-0: Ball 1-0: Foul Ball, location: 2F 1-1: Ball 2-1: Fly out, F7 (Flyball, 7LSF, EV 83.1 MPH)
|
|
Batting: RHB Kevin Tangeman
|
0-0: Ground out 6-3 (Groundball, 6, EV 76.2 MPH)
|
|
Batting: LHB Luke Coulter
|
0-0: Ball 1-0: Ball 2-0: Ground out 4-3 (Groundball, 4, EV 82.5 MPH)
|
| Top of the 8th over - 0 runs, 0 hits, 0 errors, 0 left on base; Colorado Springs 4 - Syracuse 2 |
| BOTTOM OF THE 8TH |
|
Syracuse Chiefs batting - Pitching for Colorado Springs Sky Sox : RHP Jim Micaletti
|
|
Pitching: LHP Bill Ogren
|
|
|
Batting: LHB Kyung-jin Cho
|
0-0: Ball 1-0: Swinging Strike 1-1: Called Strike 1-2: Strikes out swinging
|
|
Batting: RHB Rafael Medina
|
0-0: Ball 1-0: Ball 2-0: Called Strike 2-1: Fly out, F8 (Flyball, 8LM, EV 93.1 MPH)
|
|
Batting: RHB Antonio Laurel
|
0-0: Called Strike 0-1: Ball 1-1: Swinging Strike 1-2: Strikes out swinging
|
| Bottom of the 8th over - 0 runs, 0 hits, 0 errors, 0 left on base; Colorado Springs 4 - Syracuse 2 |
| TOP OF THE 9TH |
|
Colorado Springs Sky Sox batting - Pitching for Syracuse Chiefs : RHP Jose Barreras
|
|
Batting: SHB Jamie Mims
|
0-0: Called Strike 0-1: Ball 1-1: Foul Ball, location: 2F 1-2: Foul Ball, location: 2F 1-2: Ground out 4-3 (Groundball, 4, EV 86.9 MPH)
|
|
Batting: RHB Eduardo Camacho
|
0-0: Called Strike 0-1: DOUBLE (Line Drive, 89XD, EV 110.0 MPH)
|
|
Batting: RHB John Boyer
|
0-0: Ground out 6-3 (Groundball, 6, EV 101.2 MPH)
|
|
Batting: LHB Steve Gilliam
|
0-0: Called Strike 0-1: Called Strike 0-2: Strikes out swinging
|
| Top of the 9th over - 0 runs, 1 hit, 0 errors, 1 left on base; Colorado Springs 4 - Syracuse 2 |
| BOTTOM OF THE 9TH |
|
Syracuse Chiefs batting - Pitching for Colorado Springs Sky Sox : LHP Bill Ogren
|
|
Pitching: RHP Jim Butler
|
|
|
Batting: LHB Alexis Cantu
|
0-0: Ball 1-0: Ball 2-0: Called Strike 2-1: Foul Ball, location: 2F 2-2: Strikes out swinging
|
|
Batting: RHB Kevin Whitenack
|
0-0: Foul Ball, location: 2F 0-1: Ball 1-1: Foul Ball, location: 2F 1-2: Ball 2-2: Fly out, F9 (Flyball, 89D, EV 98.1 MPH)
|
|
Batting: LHB Pat Aviles
|
0-0: Called Strike 0-1: Ground out 4-3 (Groundball, 4, EV 88.8 MPH)
|
| Bottom of the 9th over - 0 runs, 0 hits, 0 errors, 0 left on base; Colorado Springs 4 - Syracuse 2 |
|